NCAA
SAINT JOHN'S RED STORM @ NEBRASKA CORNHUSKERS
04/29/2023
 
TOP OF THE 1ST
Saint John's Red Storm batting - Pitching for Nebraska Cornhuskers : RHP James Burke
Pitching: RHP James Burke
Batting: RHB Joe Smith 0-0: Ball
1-0: Ball
2-0: Foul Ball, location: 2F
2-1: Ball
3-1: Base on Balls
Batting: RHB Bob Mueller 0-0: Ball
1-0: Called Strike
1-1: Grounds into double play, 6-4-3 (Groundball, 6)
Batting: LHB Chris Austin 0-0: Ball
1-0: Called Strike
1-1: Foul Ball, location: 2F
1-2: Foul Ball, location: 2F
1-2: Fly out, F8 (Line Drive, 8LD)
Top of the 1st over - 0 run(s), 0 hit(s), 0 error(s), 0 left on base; Saint John's 0 - Nebraska 0
BOTTOM OF THE 1ST
Nebraska Cornhuskers batting - Pitching for Saint John's Red Storm : RHP Albert Fisher
Pitching: RHP Albert Fisher
Batting: LHB Dennis Fontenot 0-0: Called Strike
0-1: Ground out 6-3 (Groundball, 6M)
Batting: LHB Gilberto Ramírez 0-0: Ground out 1-3 (Groundball, 13)
Batting: RHB John Denton 0-0: Ball
1-0: Ball
2-0: Swinging Strike
2-1: Ball
3-1: Called Strike
3-2: SINGLE (Line Drive, 6M)
Batting: LHB Manny Salazar 0-0: Called Strike
0-1: Ball
1-1: 2-RUN HOME RUN (Flyball, 78XD), Distance : 372 ft
Batting: RHB Eugene Allen 0-0: Ground out 6-3 (Groundball, 6M)
Bottom of the 1st over - 2 run(s), 2 hit(s), 0 error(s), 0 left on base; Saint John's 0 - Nebraska 2
TOP OF THE 2ND
Saint John's Red Storm batting - Pitching for Nebraska Cornhuskers : RHP James Burke
Batting: LHB Ken Phillips 0-0: Ball
1-0: Ball
2-0: Called Strike
2-1: Ball
3-1: Base on Balls
Batting: LHB António Velásquez 0-0: Foul Ball, location: 2F
0-1: Foul Ball, location: 2F
0-2: SINGLE (Groundball, 6M) (infield hit)
Ken Phillips to second
Batting: LHB David Lee 0-0: Ball
1-0: Ball
2-0: Ground out 5-3 (Groundball, 5S)
Ken Phillips to third
António Velásquez to second
Batting: RHB Duane Grounds 0-0: Ball
1-0: Ball
2-0: Swinging Strike
2-1: Foul Ball, location: 2F
2-2: Ball
3-2: Strikes out swinging
Batting: RHB Bobby Miller 0-0: Foul Ball, location: 2F
0-1: Called Strike
0-2: DOUBLE (Line Drive, 7LM)
Ken Phillips scores
António Velásquez scores
Batting: LHB John Cook 0-0: Swinging Strike
0-1: Foul Ball, location: 2F
0-2: Ball
1-2: Foul Ball, location: 2F
1-2: Foul Ball, location: 2F
1-2: Strikes out looking
Top of the 2nd over - 2 run(s), 2 hit(s), 0 error(s), 1 left on base; Saint John's 2 - Nebraska 2
BOTTOM OF THE 2ND
Nebraska Cornhuskers batting - Pitching for Saint John's Red Storm : RHP Albert Fisher
Batting: RHB Ralph Powell 0-0: Ball
1-0: Ball
2-0: Ball
3-0: Called Strike
3-1: Foul Ball, location: 2F
3-2: Strikes out swinging
Batting: SHB William Hamilton 0-0: Ball
1-0: Ground out 4-3 (Groundball, 4)
Batting: SHB Conan Hanson 0-0: Ball
1-0: Ground out 4-3 (Groundball, 13)
Bottom of the 2nd over - 0 run(s), 0 hit(s), 0 error(s), 0 left on base; Saint John's 2 - Nebraska 2
TOP OF THE 3RD
Saint John's Red Storm batting - Pitching for Nebraska Cornhuskers : RHP James Burke
Batting: RHB Joe Smith 0-0: Ball
1-0: Ball
2-0: Swinging Strike
2-1: Ground out 5-3 (Groundball, 5L)
Batting: RHB Bob Mueller 0-0: Ball
1-0: Ground out 5-3 (Groundball, 5S)
Batting: LHB Chris Austin 0-0: Called Strike
0-1: Ball
1-1: Foul Ball, location: 2F
1-2: SINGLE (Groundball, 3D)
Batting: LHB Ken Phillips 0-0: Ground out 4-3 (Groundball, 4)
Top of the 3rd over - 0 run(s), 1 hit(s), 0 error(s), 1 left on base; Saint John's 2 - Nebraska 2
BOTTOM OF THE 3RD
Nebraska Cornhuskers batting - Pitching for Saint John's Red Storm : RHP Albert Fisher
Batting: RHB Dwight Lewis 0-0: Swinging Strike
0-1: Ball
1-1: Ball
2-1: Foul Ball, location: 2F
2-2: Strikes out swinging
Batting: LHB Dennis Fontenot 0-0: Called Strike
0-1: Foul Ball, location: 2F
0-2: Ball
1-2: Ground out 4-3 (Groundball, 34)
Batting: LHB Gilberto Ramírez 0-0: Ball
1-0: Called Strike
1-1: Called Strike
1-2: Ball
2-2: Ball
3-2: Base on Balls
Batting: RHB John Denton 0-0: SINGLE (Flyball, 9LM)
Gilberto Ramírez to second
Runner from 2nd tries for 3rd, SAFE, throw made to third
Batting: LHB Manny Salazar 0-0: Ball
1-0: Fly out, F8 (Flyball, 8LM)
Bottom of the 3rd over - 0 run(s), 1 hit(s), 0 error(s), 2 left on base; Saint John's 2 - Nebraska 2
TOP OF THE 4TH
Saint John's Red Storm batting - Pitching for Nebraska Cornhuskers : RHP James Burke
Batting: LHB António Velásquez 0-0: Foul Ball, location: 2F
0-1: Ball
1-1: Ball
2-1: SINGLE (Line Drive, 6MD)
Batting: LHB David Lee 0-0: Ball
1-0: Called Strike
1-1: Ball
2-1: Called Strike
2-2: Ball
3-2: Foul Ball, location: 2F
3-2: Base on Balls
António Velásquez to second
Batting: RHB Duane Grounds 0-0: Called Strike
0-1: Swinging Strike
0-2: Strikes out swinging
Batting: RHB Bobby Miller 0-0: Fly out, F7 (Flyball, 78S)
Batting: LHB John Cook 0-0: Ball
1-0: Called Strike
1-1: Ball
2-1: Fly out, F8 (Flyball, 8LM)
Top of the 4th over - 0 run(s), 1 hit(s), 0 error(s), 2 left on base; Saint John's 2 - Nebraska 2
BOTTOM OF THE 4TH
Nebraska Cornhuskers batting - Pitching for Saint John's Red Storm : RHP Albert Fisher
Batting: RHB Eugene Allen 0-0: Called Strike
0-1: Ground out 6-3 (Groundball, 6)
Batting: RHB Ralph Powell 0-0: Called Strike
0-1: Called Strike
0-2: Strikes out looking
Batting: SHB William Hamilton 0-0: Swinging Strike
0-1: Foul Ball, location: 2F
0-2: Foul Ball, location: 2F
0-2: Ball
1-2: Foul Ball, location: 2F
1-2: Foul Ball, location: 2F
1-2: Ball
2-2: Ground out 1-3 (Groundball, 13)
Bottom of the 4th over - 0 run(s), 0 hit(s), 0 error(s), 0 left on base; Saint John's 2 - Nebraska 2
TOP OF THE 5TH
Saint John's Red Storm batting - Pitching for Nebraska Cornhuskers : RHP James Burke
Batting: RHB Joe Smith 0-0: Ball
1-0: Foul Ball, location: 2F
1-1: Foul Ball, location: 2F
1-2: Fly out, F9 (Flyball, 9S)
Batting: RHB Bob Mueller 0-0: Foul Ball, location: 2F
0-1: SINGLE (Groundball, 56D)
Pitching: RHP Aaron Hicks
Batting: LHB Chris Austin 0-0: Ground out U3 (Groundball, 3S)
Bob Mueller to second
Batting: LHB Ken Phillips 0-0: Ball
1-0: Ball
2-0: Foul Ball, location: 2F
2-1: Ball
3-1: Base on Balls
Batting: LHB António Velásquez 0-0: Foul Ball, location: 2F
0-1: Ball
1-1: Ball
2-1: Ball
3-1: Swinging Strike
3-2: Strikes out swinging
Top of the 5th over - 0 run(s), 1 hit(s), 0 error(s), 2 left on base; Saint John's 2 - Nebraska 2
BOTTOM OF THE 5TH
Nebraska Cornhuskers batting - Pitching for Saint John's Red Storm : RHP Albert Fisher
Batting: SHB Conan Hanson 0-0: Ball
1-0: Foul Ball, location: 2F
1-1: Ball
2-1: Called Strike
2-2: Strikes out swinging
Batting: RHB Dwight Lewis 0-0: Ball
1-0: Called Strike
1-1: Called Strike
1-2: Foul Ball, location: 2F
1-2: SINGLE (Groundball, 6)
Batting: LHB Dennis Fontenot 0-0: Ball
1-0: Foul Ball, location: 2F
1-1: Foul Ball, location: 2F
1-2: Foul Ball, location: 2F
1-2: Ball
2-2: Ball
3-2: Base on Balls
Dwight Lewis to second
Batting: LHB Gilberto Ramírez 0-0: Ball
1-0: Called Strike
Dwight Lewis steals 3rd base
Dennis Fontenot to second
1-1: Foul Ball, location: 2F
1-2: Ball
2-2: Ball
3-2: SINGLE (Groundball, 13) (infield hit)
Dwight Lewis scores
Dennis Fontenot to third
Batting: RHB John Denton 0-0: Swinging Strike
0-1: Called Strike
0-2: Strikes out swinging
Pitching: RHP Ángel Cortéz
Batting: LHB Manny Salazar 0-0: Ball
1-0: Ball
2-0: Foul Ball, location: 2F
2-1: Ball
3-1: Called Strike
3-2: Foul Ball, location: 2F
3-2: Foul Ball, location: 2F
3-2: Strikes out swinging
Bottom of the 5th over - 1 run(s), 2 hit(s), 0 error(s), 2 left on base; Saint John's 2 - Nebraska 3
TOP OF THE 6TH
Saint John's Red Storm batting - Pitching for Nebraska Cornhuskers : RHP Aaron Hicks
Batting: LHB David Lee 0-0: Ball
1-0: Called Strike
1-1: Swinging Strike
1-2: Strikes out swinging
Batting: RHB Duane Grounds 0-0: Fly out, F9 (Flyball, 9D)
Batting: RHB Bobby Miller 0-0: Foul Ball, location: 2F
0-1: Ball
1-1: Foul Ball, location: 2F
1-2: Ball
2-2: Ball
3-2: Base on Balls
Batting: LHB John Cook 0-0: Ball
1-0: Ball
2-0: Ball
3-0: Base on Balls
Bobby Miller to second
Batting: RHB Joe Smith 0-0: Called Strike
0-1: Ground out 4-3 (Groundball, 4MS)
Top of the 6th over - 0 run(s), 0 hit(s), 0 error(s), 2 left on base; Saint John's 2 - Nebraska 3
BOTTOM OF THE 6TH
Nebraska Cornhuskers batting - Pitching for Saint John's Red Storm : RHP Ángel Cortéz
Batting: RHB Eugene Allen 0-0: Foul Ball, location: 2F
0-1: DOUBLE (Groundball, 5L)
Batting: RHB Ralph Powell 0-0: Called Strike
0-1: Ground out 4-3 (Groundball, 4)
Eugene Allen to third
Batting: SHB William Hamilton 0-0: Ball
1-0: Called Strike
1-1: Ball
2-1: DOUBLE (Line Drive, 8RM)
Eugene Allen scores
Batting: SHB Conan Hanson 0-0: Ball
1-0: Called Strike
1-1: Called Strike
1-2: Strikes out swinging
Batting: RHB Dwight Lewis 0-0: Called Strike
0-1: Foul Ball, location: 2F
0-2: Ball
1-2: Ball
2-2: Ground out 1-3 (Groundball, 13S)
Bottom of the 6th over - 1 run(s), 2 hit(s), 0 error(s), 1 left on base; Saint John's 2 - Nebraska 4
TOP OF THE 7TH
Saint John's Red Storm batting - Pitching for Nebraska Cornhuskers : RHP Aaron Hicks
Pitching: RHP Jesús Martínez
Batting: RHB Bob Mueller 0-0: Ball
1-0: Foul Ball, location: 2F
1-1: Called Strike
1-2: Ball
2-2: Foul Ball, location: 2F
2-2: Ball
3-2: Foul Ball, location: 2F
3-2: Base on Balls
Batting: LHB Chris Austin 0-0: Called Strike
0-1: Ball
1-1: Foul Ball, location: 2F
1-2: SINGLE (Groundball, 56D)
Bob Mueller to second
Batting: LHB Ken Phillips 0-0: Ball
1-0: Swinging Strike
1-1: Called Strike
1-2: Reached on error, E1 (Groundball, 23)
Bob Mueller to third
Chris Austin to second
Batting: LHB António Velásquez 0-0: Called Strike
0-1: Grounds into double play, 6-4-3 (Groundball, 6)
Bob Mueller scores
Chris Austin to third
Batting: LHB David Lee 0-0: Ball
1-0: Ball
2-0: Ball
3-0: Base on Balls
Batting: RHB Duane Grounds 0-0: Ball
1-0: Ball
2-0: Called Strike
2-1: Ball
3-1: Base on Balls
David Lee to second
Batting: RHB Bobby Miller 0-0: Ball
1-0: Ball
2-0: Swinging Strike
2-1: Foul Ball, location: 2F
2-2: Strikes out swinging
Top of the 7th over - 1 run(s), 1 hit(s), 1 error(s), 3 left on base; Saint John's 3 - Nebraska 4
BOTTOM OF THE 7TH
Nebraska Cornhuskers batting - Pitching for Saint John's Red Storm : RHP Ángel Cortéz
Batting: LHB Dennis Fontenot 0-0: Called Strike
0-1: Foul Ball, location: 2F
0-2: Ball
1-2: Ball
2-2: Strikes out swinging
Batting: LHB Gilberto Ramírez 0-0: Ball
1-0: Called Strike
1-1: Foul Ball, location: 2F
1-2: Strikes out swinging
Batting: RHB John Denton 0-0: Ball
1-0: Ball
2-0: Called Strike
2-1: Foul Ball, location: 2F
2-2: Strikes out swinging
Bottom of the 7th over - 0 run(s), 0 hit(s), 0 error(s), 0 left on base; Saint John's 3 - Nebraska 4
TOP OF THE 8TH
Saint John's Red Storm batting - Pitching for Nebraska Cornhuskers : RHP Jesús Martínez
Pitching: RHP Steve Frederick
Now at C: Robin Greer
Now at 2B: Christian McCord
Now in RF: Cliff Jackson
Batting: LHB John Cook 0-0: Ball
1-0: Ball
2-0: Swinging Strike
2-1: SINGLE (Line Drive, 4MD)
Batting: RHB Joe Smith 0-0: Ball
1-0: Reached on error, E1 (Groundball, 13)
John Cook to second
Batting: RHB Bob Mueller 0-0: Ball
1-0: Sac Bunt - play at first, batter OUT! U3
John Cook to third
Joe Smith to second
Pitching: LHP Jerry Conner
Batting: LHB Chris Austin 0-0: Ball
1-0: Ball
2-0: Fly out, F6 (Popup, 6D)
Batting: LHB Ken Phillips 0-0: Ball
1-0: Ball
2-0: Ball
3-0: Foul Ball, location: 2F
3-1: Foul Ball, location: 2F
Balk!
John Cook scores
Joe Smith to third
3-2: Base on Balls
Batting: LHB António Velásquez 0-0: Swinging Strike
0-1: Foul Ball, location: 2F
0-2: Fly out, F7 (Flyball, 78M)
Top of the 8th over - 1 run(s), 1 hit(s), 1 error(s), 2 left on base; Saint John's 4 - Nebraska 4
BOTTOM OF THE 8TH
Nebraska Cornhuskers batting - Pitching for Saint John's Red Storm : RHP Ángel Cortéz
Pitching: RHP Dan Snyder
Batting: LHB Manny Salazar 0-0: Ball
1-0: Foul Ball, location: 2F
1-1: Swinging Strike
1-2: Strikes out swinging
Batting: RHB Eugene Allen 0-0: Ball
1-0: Swinging Strike
1-1: Ball
2-1: SINGLE (Line Drive, 8RS)
Batting: RHB Ralph Powell 0-0: Ball
Eugene Allen is caught stealing 2nd base
1-0: Ball
2-0: Ball
3-0: Base on Balls
Batting: SHB William Hamilton 0-0: Called Strike
0-1: Foul Ball, location: 2F
0-2: Ground out 1-3 (Groundball, 25)
Bottom of the 8th over - 0 run(s), 1 hit(s), 0 error(s), 1 left on base; Saint John's 4 - Nebraska 4
TOP OF THE 9TH
Saint John's Red Storm batting - Pitching for Nebraska Cornhuskers : LHP Jerry Conner
Pitching: RHP Roy Mayer
Batting: LHB David Lee 0-0: Foul Ball, location: 2F
0-1: Ball
1-1: Called Strike
1-2: Strikes out swinging
Batting: RHB Duane Grounds 0-0: SINGLE (Groundball, 34D)
Batting: RHB Bobby Miller 0-0: Ball
1-0: Called Strike
1-1: Grounds into double play, 1-6-3 (Groundball, 15)
Top of the 9th over - 0 run(s), 1 hit(s), 0 error(s), 0 left on base; Saint John's 4 - Nebraska 4
BOTTOM OF THE 9TH
Nebraska Cornhuskers batting - Pitching for Saint John's Red Storm : RHP Dan Snyder
Batting: SHB Conan Hanson 0-0: Ball
1-0: Ball
2-0: Ball
3-0: Called Strike
3-1: Called Strike
3-2: Base on Balls
Batting: RHB Dwight Lewis 0-0: Bunted foul
0-1: Ball
1-1: Sac Bunt - play at first, batter OUT! 5-4
Conan Hanson to second
Pinch Hitting: LHB Clifton Fairchild 0-0: Intentional Walk
Batting: LHB Robin Greer 0-0: Foul Ball, location: 2F
0-1: Foul Ball, location: 2F
0-2: Ball
1-2: Strikes out swinging
Batting: RHB Cliff Jackson 0-0: Ball
1-0: SINGLE (Groundball, 4M)
Conan Hanson to third
Clifton Fairchild to second
Runner from 3rd tries for Home, SAFE, throw made home
This league is powered by Out of the Park Baseball, the baseball management simulation game for PC, Mac and Linux
Wednesday, December 2nd, 2015 - OOTP Baseball 16.8 Build 38